 Dungeon Crawl Stone Soup version 0.25.1-2-g60ff931df9 (webtiles) character file.

Game seed: 183673029779771785

3459 Sakulsan the Covert (level 9, -1/40 HPs)
             Began as a Spriggan Conjurer on Sept 7, 2020.
             Slain by a killer bee (3 damage)
             ... on level 9 of the Dungeon.
             The game lasted 00:54:26 (9911 turns).

Sakulsan the Covert (Spriggan Conjurer)             Turns: 9911, Time: 00:54:26

Health: -1/40      AC:  3    Str:  4    XL:     9   Next: 78%
Magic:  10/23      EV: 20    Int: 19    God:
Gold:   480        SH:  0    Dex: 17    Spells: 23/26 levels left

rFire    . . .     SeeInvis +   e - +1 dagger (speed)
rCold    . . .     Gourm    .   (shield restricted)
rNeg     + . .     Faith    .   a - +1 robe
rPois    .         Spirit   .   (helmet restricted)
rElec    .         Reflect  .   (no cloak)
rCorr    .         Harm     .   (gloves unavailable)
MR       +....                  (boots unavailable)
Stlth    +++++.....             (no amulet)
HPRegen  0.13/turn              r - ring of positive energy
MPRegen  0.18/turn              (no ring)

@: marked, very quick
A: very small, unfitting armour, see invisible, herbivore, speed 3, slow
metabolism 2
a: no special abilities


You were on level 9 of the Dungeon.
You were not hungry.

You visited 2 branches of the dungeon, and saw 10 of its levels.

You collected 480 gold pieces.

Inventory:

Hand Weapons
 e - a +1 dagger of speed (weapon)
Armour
 a - a +1 robe (worn)
 s - a +0 pair of boots
Jewellery
 k - an uncursed ring of magical power {unknown}
 r - a ring of positive energy (left hand)
 v - an uncursed amulet of faith {unknown}
 A - an uncursed ring of positive energy
 G - an uncursed ring of stealth {unknown}
Wands
 B - a wand of random effects (12)
 E - a wand of paralysis (7)
 F - a wand of acid (9)
Scrolls
 b - 4 scrolls of remove curse
 d - 2 scrolls of amnesia
 g - a scroll of teleportation
 j - 7 scrolls of identify
 m - a scroll of blinking
 u - 2 scrolls of immolation
 y - 3 scrolls of noise
 H - 2 scrolls of enchant armour
Potions
 f - a potion of mutation {unknown}
 l - a potion of might {unknown}
 n - 2 potions of brilliance
 o - 3 potions of heal wounds {unknown}
 q - a potion of haste {unknown}
 t - a potion of resistance {unknown}
 w - 2 potions of curing {unknown}
 x - a potion of degeneration {unknown}
 z - a potion of stabbing {unknown}
 C - a potion of flight {unknown}
 J - a potion of magic {unknown}
Comestibles
 c - 6 rations


   Skills:
 + Level 0.9 Fighting
 + Level 2.1 Short Blades
 + Level 5.0 Dodging
 * Level 13.1 Stealth
 + Level 9.2 Spellcasting
 + Level 6.3 Conjurations


You had 23 spell levels left.
You knew the following spells:

 Your Spells              Type           Power        Failure   Level  Hunger
a - Magic Dart            Conj           ####         1%          1    None
b - Searing Ray           Conj           ####..       1%          2    None

Your spell library contained the following spells:

 Spells                   Type           Power        Failure   Level  Hunger
 Dazzling Flash           Conj/Hex       ###...       7%          3    None
 Fulminant Prism          Conj/Hex       ###.......   22%         4    ###....
 Iskenderun's Mystic Bla  Conj/Tloc      ###.....     22%         4    ###....


Dungeon Overview and Level Annotations

Branches:
Dungeon (9/15)             Temple (1/1) D:7             Orc (0/2) D:9
   Lair: D:8-11

Altars:
Ashenzari
Dithmenos
Elyvilon
Gozag
Hepliaklqana
Kikubaaqudgha
Makhleb
Nemelex Xobeh
Ru
Trog
Wu Jian
Yredelemnul
Zin
The Shining One

Shops:
D:4 (


Innate Abilities, Weirdness & Mutations

You are very small and have problems with some larger weapons.
You are too small for most types of armour.
You have supernaturally acute eyesight. (SInv)
You are a herbivore.
You cover ground extremely quickly.
You need to consume almost no food.


Message History

The alarm trap emits a blaring wail!
A sentinel's mark forms upon you.
You hear a shout!
You hear a bark! x3
The killer bee misses you. The killer bee barely misses you.
The killer bee stings you.
An ogre comes into view. It is wielding a +0 giant spiked club.
You hit the ogre.
The ogre is lightly wounded.
The killer bee stings you. The killer bee misses you.
The killer bee stings you.
You hit the ogre.
The ogre is lightly wounded.
The killer bee closely misses you. x2
The ogre hits you with a +0 giant spiked club!
* * * LOW HITPOINT WARNING * * *
The killer bee misses you. The killer bee misses you. The ogre misses you.
The killer bee stings you.
You die...

....)........# ##...........
.##..........# #.รท..##.<....
.##..###.....# #...##......
.##..# #.....# #...##......
.##..###.....## ##...........
.##...........#######............
...............y.................
....########..Oy..........#######
#...# #..yy@.........+ . #...#
#..............# . #...#
#....###.......# . #...#
#..............# .
....########..............# #
#####......##.....###+#####
............+.....#
............#.....# ............#


You could see an ogre and 4 killer bees.

Vanquished Creatures
  Psyche (D:9)
  A hippogriff (D:7)
  Edmund (D:5)
  Duvessa (D:6)
  A black bear (D:8)
  An ice beast (D:8)
  2 sky beasts
  A necrophage (D:7)
  2 ogres
  4 centaurs
  2 bullfrogs
  Dowan (D:6)
  A wyvern skeleton (D:9)
  2 scorpions
  2 killer bees (D:9)
  5 wights (D:9)
  A howler monkey (D:6)
  6 crimson imps
  A centaur zombie (D:8)
  3 hounds
  An orc priest (D:6)
  2 jellies
  An iguana (D:6)
  6 orc wizards
  A centaur skeleton (D:5)
  7 worker ants
  A hound zombie (D:6)
  2 hound skeletons
  8 gnolls
  9 adders
  2 shadow imps (D:6)
  An ooze (D:5)
  An adder skeleton (D:7)
  3 worms
  A dart slug (D:3)
  3 leopard geckos
  23 orcs
  7 giant cockroaches
  11 goblins
  6 hobgoblins
  4 quokkas
  3 ball pythons
  11 bats
  4 frilled lizards
  10 kobolds
  4 rats
171 creatures vanquished.

Notes
Turn   | Place    | Note
-------+----------+-------------------------------------------
     0 | D:1      | Sakulsan the Spriggan Conjurer began the quest for the Orb.
     0 | D:1      | Reached XP level 1. HP: 9/9 MP: 5/5
   153 | D:1      | Reached XP level 2. HP: 12/13 MP: 2/6
   227 | D:1      | Learned a level 2 spell: Searing Ray
  1284 | D:2      | Reached XP level 3. HP: 16/16 MP: 1/8
  2340 | D:2      | Reached XP level 4. HP: 20/21 MP: 5/10
  2772 | D:3      | Reached skill level 4 in Stealth
  2917 | D:3      | Found a glowing silver altar of Zin.
  3115 | D:3      | Noticed a centaur
  3133 | D:3      | Killed a centaur
  3133 | D:3      | Reached skill level 5 in Stealth
  3133 | D:3      | Reached XP level 5. HP: 23/24 MP: 8/12
  3569 | D:3      | Reached XP level 6. HP: 28/28 MP: 13/13
  3591 | D:3      | Reached skill level 6 in Stealth
  3814 | D:4      | Found Enedu's Antique Weapon Shoppe.
  4134 | D:4      | You fall into a shaft and drop 2 floors!
  4253 | D:6      | Reached skill level 7 in Stealth
  4301 | D:6      | Reached XP level 7. HP: 32/32 MP: 6/14
  4827 | D:6      | Reached skill level 5 in Spellcasting
  4956 | D:6      | Reached skill level 8 in Stealth
  4977 | D:6      | Noticed Duvessa
  4984 | D:6      | Noticed Dowan
  5003 | D:5      | Entered Level 5 of the Dungeon
  5353 | D:5      | Reached skill level 5 in Conjurations
  5552 | D:5      | Noticed Edmund
  5573 | D:5      | Killed Edmund
  5573 | D:5      | Reached XP level 8. HP: 27/37 MP: 7/18
  5822 | D:5      | Reached skill level 9 in Stealth
  5898 | D:5      | Reached skill level 1 in Short Blades
  6222 | D:6      | Killed Duvessa
  6230 | D:6      | Killed Dowan
  6878 | D:7      | Found a white marble altar of Elyvilon.
  7285 | D:7      | Found a staircase to the Ecumenical Temple.
  7363 | D:7      | Reached skill level 10 in Stealth
  7376 | Temple   | Entered the Ecumenical Temple
  8143 | D:7      | Noticed a hippogriff
  8150 | D:7      | Killed a hippogriff
  8150 | D:7      | Reached XP level 9. HP: 40/40 MP: 21/21
  8167 | D:7      | Reached skill level 11 in Stealth
  9365 | D:9      | Noticed Psyche
  9374 | D:9      | Killed Psyche
  9374 | D:9      | Reached skill level 12 in Stealth
  9441 | D:9      | Found a staircase to the Orcish Mines.
  9660 | D:9      | Found an ornate altar of the Wu Jian Council.
  9755 | D:9      | Reached skill level 5 in Dodging
  9823 | D:9      | Found a glowing golden altar of the Shining One.
  9849 | D:9      | Reached skill level 13 in Stealth
  9908 | D:9      | HP: 2/40 [ogre/+0 giant spiked club (13)]
  9911 | D:9      | Slain by a killer bee

Illustrated notes

Levels and vault maps discovered:
D:1:      psy_arrival_conway, layout_basic, minmay_pentomino_t4
D:2:      layout_basic, minmay_misc_feat_enclosed, roderic_lattice_a,
          minmay_liquid_box, kennysheep_nub
D:3:      layout_loops_cross, overflow_temple_1_default, serial_glass,
          glass_columns_a, glass_columns_c, minmay_misc_feat_diagonals
D:4:      layout_cave_pools, serial_shops, shop
D:5:      layout_loops_cross, first_ration, uniq_edmund
D:6:      layout_basic, palyth_stone_intersect, hangedman_decor_diamond_cutter,
          uniq_duvessa
D:7:      layout_basic, elyvilon_altar_1, minmay_temple_entry_statues_fountains
D:8:      layout_gridville
D:9:      layout_stronghold, tso_oasis_becter, minitemple, lemuel_round_altar,
          orc_0_dummy, grunt_ogre_cave, uniq_psyche
Temple:   cyrus_temple_forest

Skill      XL: |  1  2  3  4  5  6  7  8  9 |
---------------+----------------------------+-----
Conjurations   | 3 4 5 6 |  6.3
Spellcasting   | 3 4 6 7 9 |  9.2
Stealth        | 5 7 8 10 13 | 13.1
Dodging        | 4 5 |  5.0
Short Blades   | 1 2 |  2.1
Fighting       | |  0.9

Action                   |  1- 3 |  4- 6 |  7- 9 || total
-------------------------+-------+-------+-------++-------
Melee: Unarmed           |     1 |       |       ||     1
       Dagger            |    19 |    11 |    38 ||    68
 Cast: Magic Dart        |    71 |    72 |    94 ||   237
       Searing Ray       |       |    16 |    60 ||    76
  Use: Scroll            |       |       |    14 ||    14
       Potion            |       |       |     1 ||     1
 Stab: Sleeping          |     3 |     9 |    18 ||    30
  Eat: Ration            |       |     1 |     2 ||     3
Armor: Robe              |     2 |       |     8 ||    10
Dodge: Dodged            |    19 |    26 |    82 ||   127
